 Seeded DCSS version 0.30-a0-23-ge60ba3568b (webtiles) character file.

Game seed: 15066806318322621083 (custom seed)

9521 purpskrrrp the Unseen (level 11, -10/53 HPs)
             Began as a Vine Stalker Brigand on Aug 24, 2022.
             Was the Champion of Jiyva.
             Killed from afar by an electric eel (11 damage)
             ... with a bolt of electricity
             ... on level 10 of the Dungeon.
             The game lasted 00:20:07 (6602 turns).

purpskrrrp the Unseen (Vine Stalker Brigand)        Turns: 6602, Time: 00:20:07

Health: -10/53     AC:  7    Str: 15    XL:     11   Next: 47%
Magic:  0/12       EV: 14    Int: 17    God:    Jiyva [******]
Gold:   517        SH:  0    Dex: 25    Spells: 10/10 levels left

rFire   + . .      SeeInvis .    j - +8 long sword of the Shoals {drain, Fly rC+ Int+6}
rCold   + . .      Faith    .    (no shield)
rNeg    . . .      Spirit   +    E - +0 steam dragon scales
rPois   .          Reflect  .    (helmet restricted)
rElec   .          Harm     .    c - +0 cloak
rCorr   +          Rampage  .    v - +0 pair of gloves
Will    +....                    (boots unavailable)
Stlth   ++++++++++               (no amulet)
HPRegen 2.57/turn                h - ring of fire
MPRegen 0.63/turn                r - ring of protection from cold

@: flying, unable to read
A: fangs 3, regeneration 1, magic shield, antimagic bite, no potion heal 2,
antennae 1, talons 3, thin skeletal structure 3, tendrils, inability to read
after injury 1, MP-powered wands, engulf
a: Renounce Religion, Oozemancy, Slimify


You were on level 10 of the Dungeon.
You worshipped Jiyva.
Jiyva was exalted by your worship.
You visited 1 branch of the dungeon, and saw 10 of its levels.

You collected 517 gold pieces.

Inventory:

Hand Weapons
 a - a +2 dagger
 i - a +7 dagger of freezing
 j - the +8 long sword of the Shoals (weapon) {drain, Fly rC+ Int+6}
   (You found it on level 3 of the Dungeon)

   A truly terrible weapon, it drains the life of any living foe it strikes.
   Int:       It affects your intelligence (+6).
   rC:        It protects you from cold.
   Fly:       It grants you flight.
 D - a +5 great sword
 H - the +4 trident of the Blue Skies {elec, rF+ Str+8 Dex+4}
   (You found it on level 9 of the Dungeon)

   It occasionally discharges a powerful burst of electricity upon striking a
   foe.
   Str:       It affects your strength (+8).
   Dex:       It affects your dexterity (+4).
   rF:        It protects you from fire.
Missiles
 d - 32 poisoned darts (quivered)
 e - 4 curare-tipped darts
Armour
 b - a +0 robe
 c - a +0 cloak (worn)
 m - a +0 helmet
 v - a +0 pair of gloves (worn)
 x - a +0 pair of boots
 E - +0 steam dragon scales (worn)
Jewellery
 h - a ring of fire (left hand)
 r - a ring of protection from cold (right hand)
 A - a +4 ring of evasion
Wands
 k - a wand of polymorph (5)
 y - a wand of paralysis (15)
 z - a wand of mindburst (14)
 C - a wand of flame (9)
 J - a wand of light (5)
Scrolls
 g - a scroll of torment
 l - a scroll of vulnerability
 n - 3 scrolls of noise
 o - a scroll of amnesia {unknown}
 p - 2 scrolls of magic mapping
 w - a scroll of butterflies {unknown}
Potions
 f - 2 potions of heal wounds
 q - 4 potions of curing {unknown}
 s - 2 potions of brilliance {unknown}
 t - a potion of magic {unknown}
 u - a potion of resistance {unknown}
 B - a potion of might {unknown}
 G - a potion of mutation
 I - a potion of haste {unknown}


   Skills:
 + Level 4.0 Fighting
 - Level 3.0(6.1) Short Blades
 + Level 8.3(8.6) Long Blades
 + Level 2.7 Polearms
 - Level 1.7 Throwing
 + Level 3.1 Dodging
 * Level 17.6 Stealth


You had 10 spell levels left.
You didn't know any spells.
Your spell library contained the following spells:

 Spells                   Type           Power      Damage    Failure   Level
 Ensorcelled Hibernation  Hex/Ice        0%         N/A       34%         2
 Passwall                 Tmut/Erth      0%         N/A       34%         2
 Swiftness                Air            0%         N/A       56%         3


Dungeon Overview and Level Annotations

Branches:
Dungeon (10/15)            Temple (0/1) D:5            Lair (0/5) D:10
    Orc (0/2) D:9

Altars:
Ashenzari
Cheibriados
Dithmenos
Elyvilon
Kikubaaqudgha
Makhleb
Sif Muna
Trog
Uskayaw
Xom
Yredelemnul
Jiyva


Innate Abilities, Weirdness & Mutations

You have razor-sharp teeth.
Your natural rate of healing is unusually fast.
When hurt, damage is shared between your health and your magic reserves.
Your bite disrupts and absorbs the magic of your enemies.
Potions cannot restore your health.
You have a pair of small antennae on your head.
You have claws for feet.
You have an unnaturally thin skeletal structure. (Dex +6, Stealth+++)
You are covered in slimy tendrils that may disarm your opponents.
You occasionally lose the ability to read scrolls when taking damage.
You expend magic power (3 MP) to strengthen your wands.
Your melee attacks may engulf your foes in ooze.


Message History

The yaktaur captain dies!
The ogre mage mumbles some strange words.
The ogre mage flickers and vanishes!
Deactivating autopickup; reactivate with Ctrl-A.
Your Dodging skill increases to level 3!
Something barely misses your azure jelly.
Your azure jelly hits something.
Your azure jelly freezes something!!
Your azure jelly hits something.
Your azure jelly freezes something!!!
Reactivating autopickup.
You feel a bit more experienced.
Your Fighting skill increases to level 4!
Your surroundings suddenly seem different. 2 wolves, 2 hounds and 4 electric eels come into view.
Found 7 stones.
Found a staircase to the Lair.
The hound barks! x2; You hear a bark! x2
The electric eel shoots out a bolt of lightning at you!
The bolt of electricity misses you.
The electric eel shoots out a bolt of lightning at you!
The bolt of electricity misses you.
The electric eel shoots out a bolt of lightning at you!
The bolt of electricity hits you!
The electric eel shoots out a bolt of lightning at you!
The bolt of electricity misses you.
The electric eel shoots out a bolt of lightning at you!
The bolt of electricity hits you!
You feel threatened and lose the ability to read scrolls!
The electric eel shoots out a bolt of lightning at you!
The bolt of electricity misses you.
The electric eel shoots out a bolt of lightning at you!
The bolt of electricity hits you.
The electric eel shoots out a bolt of lightning at you!
The bolt of electricity hits you!
* * * LOW HITPOINT WARNING * * *
The bolt of electricity hits you!
* * * LOW HITPOINT WARNING * * *
The bolt of electricity hits the electric eel.
The electric eel completely resists.
The electric eel shoots out a bolt of lightning at you!
The bolt of electricity hits you!
You die...

..#(..#....# ~~~≈~~.....# #
~≈≈≈~......# ..
≈≈≈≈≈.h~~..##.........#
≈≈≈≈~≈~≈....#.........
~≈~≈~≈S.~...#........#
.~~.~≈≈~....#........#
...~S≈≈~.~.@.........## ###+
.>..≈≈S~...###........ ....
...hh≈.≈~S...#.....# #.
.h..~≈~......#.....+ #.
..~≈≈≈≈.~....#.....# #.
≈≈≈≈~≈~....###.....# #.
.≈~~..~............#####+##.
~..~..~.~...#####.<...).....
.. #...........


You could see a wolf, a hound and 4 electric eels.

Vanquished Creatures
  A two-headed ogre (D:7)
  Pikel (D:5)
  An unseen horror zombie (D:9)
  An unseen horror (D:9)
  A troll (D:7)
  Grinder (D:6)
  Prince Ribbit (D:6)
  3 shadows (D:9)
  12 yaks
  2 steam dragons
  Menkaure (D:5)
  Duvessa (D:6)
  2 ice beasts
  2 orc warriors
  A black bear (D:6)
  3 ogres
  2 centaurs
  3 kobold brigands
  A phantom (D:5)
  2 necrophages (D:6)
  3 bullfrogs
  2 gnoll sergeants
  4 scorpions
  11 wights
  Dowan (D:6)
  A killer bee (D:9)
  4 howler monkeys (D:8)
  4 hounds
  3 orc priests
  4 iguanas
  An orc wizard (D:7)
  3 ogre zombies (D:9)
  17 gnolls
  12 adders
  3 white imps (D:6)
  4 ufetubi
  5 worms
  2 dart slugs
  13 orcs
  2 endoplasms (D:1)
  A giant cockroach (D:1)
  7 goblins
  5 hobgoblins
  16 kobolds
  6 quokkas
  2 ball pythons
  5 bats
  A frilled lizard (D:1)
  2 goblin zombies (D:9)
  A hobgoblin skeleton (D:9)
  3 orc skeletons (D:9)
  12 orc zombies (D:9)
  5 rats
207 creatures vanquished.

Vanquished Creatures (collateral kills)
  A yaktaur captain (D:10)
  An ogre mage (D:10)
  A troll zombie (D:9)
  2 killer bees (D:9)
  An orc priest (D:9)
  3 ogre zombies (D:9)
  A goblin skeleton (D:9)
  A hobgoblin zombie (D:9)
  An orc skeleton (D:9)
  4 orc zombies (D:9)
16 creatures vanquished.

Vanquished Creatures (others)
  A wizard (D:6)
  A steam dragon (D:7)
  A human (D:9)
  A centaur (D:9)
  A scorpion (D:7)
  8 jellies
  A howler monkey (D:8)
  A hound (D:5)
  An iguana (D:5)
  An ogre zombie (D:9)
  A howler monkey zombie (D:9)
  A gnoll (D:2)
  2 adders
  8 orcs
  2 endoplasms
  4 goblins
  2 kobolds (D:2)
  A bat (D:2)
  A frilled lizard (D:2)
39 creatures vanquished.

Grand Total: 262 creatures vanquished

Notes
Turn   | Place    | Note
-------+----------+-------------------------------------------
     0 | D:1      | purpskrrrp the Vine Stalker Brigand began the quest for the
                  | Orb.
     0 | D:1      | Reached XP level 1. HP: 11/11 MP: 2/2
    91 | D:1      | Reached skill level 5 in Stealth
   179 | D:1      | Reached XP level 2. HP: 15/15 MP: 3/3
   765 | D:1      | Found a faded altar of an unknown god.
   771 | D:1      | Prayed at the altar of an unknown god.
   771 | D:1      | Became a worshipper of Jiyva Jukixeid the Shapeless
   771 | D:1      | Reached * piety under Jiyva
   836 | D:2      | Reached XP level 3. HP: 7/18 MP: 4/4
   907 | D:2      | Reached skill level 6 in Stealth
  1096 | D:2      | Gained mutation: Your natural rate of healing is unusually
                  | fast. [Vine Stalker growth]
  1096 | D:2      | Reached XP level 4. HP: 15/23 MP: 3/5
  1292 | D:2      | Reached ** piety under Jiyva
  1593 | D:2      | Gained mutation: You have large cloven feet. [potion of
                  | mutation]
  1593 | D:2      | Gained mutation: You possess an exceptional clarity of
                  | mind. [potion of mutation]
  1593 | D:2      | Gained mutation: You have hidden genetic defects. [potion
                  | of mutation]
  1593 | D:2      | Gained mutation: Your mind is acute. (Int +4, Str/Dex -1)
                  | [potion of mutation]
  1710 | D:3      | Reached XP level 5. HP: 26/26 MP: 6/6
  1780 | D:3      | Reached skill level 7 in Stealth
  1824 | D:3      | Lost mutation: Your mind is acute. (Int +4, Str/Dex -1)
                  | [hidden defects]
  2022 | D:3      | Reached *** piety under Jiyva
  2145 | D:3      | Identified the +8 long sword of the Shoals {drain, Fly rC+
                  | Int+6}
  2286 | D:3      | Gained mutation: You occasionally lose the ability to read
                  | scrolls when taking damage. [hidden defects]
  2286 | D:3      | Lost mutation: You have hidden genetic defects. [hidden
                  | defects expressed]
  2371 | D:4      | Lost mutation: You possess an exceptional clarity of mind.
                  | [Jiyva's grace]
  2371 | D:4      | Gained mutation: Your melee attacks may engulf your foes in
                  | ooze. [Jiyva's grace]
  2371 | D:4      | Gained mutation: You are covered in slimy tendrils that may
                  | disarm your opponents. [Jiyva's grace]
  2371 | D:4      | Gained mutation: You have a small jelly attached to you
                  | that senses nearby items. [Jiyva's grace]
  2371 | D:4      | Gained mutation: You possess an exceptional clarity of
                  | mind. [Jiyva's grace]
  2516 | D:4      | Reached **** piety under Jiyva
  2562 | D:4      | Reached skill level 1 in Long Blades
  2563 | D:4      | Reached XP level 6. HP: 30/30 MP: 7/7
  2566 | D:4      | Reached skill level 8 in Stealth
  3012 | D:5      | Entered Level 5 of the Dungeon
  3046 | D:5      | Noticed Menkaure
  3050 | D:5      | Killed Menkaure
  3051 | D:5      | Reached skill level 9 in Stealth
  3051 | D:5      | Reached XP level 7. HP: 34/34 MP: 8/8
  3138 | D:5      | Reached skill level 10 in Stealth
  3208 | D:5      | Reached ***** piety under Jiyva
  3269 | D:5      | Found a staircase to the Ecumenical Temple.
  3357 | D:5      | Found a hide-covered altar of Uskayaw.
  3357 | D:5      | Noticed Pikel
  3362 | D:5      | Killed Pikel
  3363 | D:5      | Reached skill level 11 in Stealth
  3363 | D:5      | Gained mutation: You have razor-sharp teeth. [Vine Stalker
                  | growth]
  3363 | D:5      | Reached XP level 8. HP: 38/38 MP: 7/9
  3625 | D:6      | Reached skill level 12 in Stealth
  3642 | D:6      | Lost mutation: You possess an exceptional clarity of mind.
                  | [Jiyva's grace]
  3642 | D:6      | Lost mutation: You have a small jelly attached to you that
                  | senses nearby items. [Jiyva's grace]
  3642 | D:6      | Gained mutation: You have a somewhat thin skeletal
                  | structure. (Dex +2, Stealth+) [Jiyva's grace]
  3642 | D:6      | Gained mutation: You have a moderately thin skeletal
                  | structure. (Dex +4, Stealth++) [Jiyva's grace]
  3642 | D:6      | Gained mutation: You have an unnaturally thin skeletal
                  | structure. (Dex +6, Stealth+++) [Jiyva's grace]
  3642 | D:6      | Lost mutation: You have large cloven feet. [Jiyva's grace]
  3642 | D:6      | Gained mutation: You have sharp toenails. [Jiyva's grace]
  3675 | D:6      | Reached skill level 5 in Long Blades
  3677 | D:6      | Reached XP level 9. HP: 42/42 MP: 8/10
  3684 | D:6      | Reached skill level 13 in Stealth
  3751 | D:6      | Noticed Prince Ribbit
  3756 | D:6      | Killed Prince Ribbit
  3884 | D:6      | Found a bloodstained altar of Trog.
  3888 | D:6      | Noticed a wizard
  3893 | D:6      | Killed a wizard
  3943 | D:6      | Reached skill level 14 in Stealth
  4033 | D:6      | Noticed Grinder
  4039 | D:6      | Killed Grinder
  4103 | D:6      | Noticed Duvessa
  4107 | D:6      | Killed Duvessa
  4111 | D:6      | Noticed Dowan
  4113 | D:6      | Killed Dowan
  4222 | D:6      | Identified the +6 hand axe "Tiguud" {vamp, Int+2 Dex+6}
  4331 | D:7      | Noticed a two-headed ogre
  4339 | D:7      | Killed a two-headed ogre
  4340 | D:7      | Reached skill level 15 in Stealth
  4340 | D:7      | Reached XP level 10. HP: 46/46 MP: 11/11
  4782 | D:7      | Reached skill level 16 in Stealth
  4791 | D:7      | Found a shimmering altar of Xom.
  4793 | D:7      | Found a shimmering altar of Xom.
  4795 | D:7      | Found a shimmering altar of Xom.
  4796 | D:7      | Found a shimmering altar of Xom.
  4797 | D:7      | Found a shimmering altar of Xom.
  4799 | D:7      | Found a shimmering altar of Xom.
  4799 | D:7      | Found a shimmering altar of Xom.
  4907 | D:7      | Found a snail-covered altar of Cheibriados.
  4907 | D:7      | Found a shadowy altar of Dithmenos.
  4908 | D:7      | Found a white marble altar of Elyvilon.
  4911 | D:7      | Found a broken altar of Ashenzari.
  5093 | D:8      | Reached ****** piety under Jiyva
  5162 | D:8      | Found a shimmering blue altar of Sif Muna.
  5315 | D:8      | Reached skill level 1 in Dodging
  5396 | D:8      | Found a burning altar of Makhleb.
  5396 | D:8      | Noticed a cacodemon
  5667 | D:9      | Found a staircase to the Orcish Mines.
  5764 | D:9      | Identified the +4 trident of the Blue Skies {elec, rF+
                  | Str+8 Dex+4}
  5824 | D:9      | Reached skill level 1 in Polearms
  5828 | D:9      | Reached XP level 11. HP: 52/52 MP: 12/12
  5929 | D:9      | Reached skill level 17 in Stealth
  6020 | D:9      | Found an ancient bone altar of Kikubaaqudgha.
  6097 | D:9      | Found a basalt altar of Yredelemnul.
  6174 | D:9      | Gained mutation: You expend magic power (3 MP) to
                  | strengthen your wands. [Jiyva's grace]
  6174 | D:9      | Gained mutation: You have razor-sharp toenails. [Jiyva's
                  | grace]
  6174 | D:9      | Gained mutation: You have claws for feet. [Jiyva's grace]
  6174 | D:9      | Gained mutation: You have a pair of small antennae on your
                  | head. [Jiyva's grace]
  6450 | D:10     | Entered Level 10 of the Dungeon
  6586 | D:10     | Noticed an ogre mage
  6589 | D:10     | Noticed a yaktaur captain
  6596 | D:10     | Killed a yaktaur captain
  6597 | D:10     | Killed an ogre mage
  6598 | D:10     | Found a staircase to the Lair.
  6602 | D:10     | HP: 1/53 [electric eel/bolt of electricity (7)]
  6602 | D:10     | Killed from afar by an electric eel

Illustrated notes

Levels and vault maps discovered:
D:1:      nicolae_arrival_somewhat_less_tricky_arrival, layout_rooms,
          dreamdust_ecumenical_altar_angels_and_demons
D:2:      minmay_door_path, layout_loops_ring
D:3:      layout_basic
D:4:      layout_basic, corexii_hall_statues_x
D:5:      layout_loops_cross, mainiacjoe_overflow_brackets, temple_green,
          uniq_pikel, uniq_menkaure
D:6:      layout_loops_ring, trog_wizard, minmay_joined_circles, uniq_duvessa,
          uniq_prince_ribbit1, uniq_grinder
D:7:      layout_loops_cross, nicolae_xom_altar_mimics, minitemple
D:8:      layout_loops_ring, nicolae_sif_muna_condensation,
          makhleb_altar_promises_db
D:9:      layout_loops_ring, tgw_kikubaaqudgha, lemuel_zombie_altar_yredelemnul,
          zombieorc2_lemuel, minmay_statues_item
D:10:     minmay_chopped_fan, layout_irregular_city,
          nemelex_diamond_rough_becter, erik_lair_island, serial_bayou,
          serial_bayou_pond_a, serial_bayou_shore_b, serial_bayou_pond_c,
          serial_bayou_pond_e, serial_bayou_pond_a, serial_bayou_pond_d,
          lemuel_old_faithful, uniq_nergalle

Skill      XL: |  1  2  3  4  5  6  7  8  9 10 11 |
---------------+----------------------------------+-----
Stealth        | 5 6 7 9 11 12 15 16 17 | 17.6
Short Blades   | 2 3 |  3.0
Long Blades    | 1 2 4 5 6 7 8 |  8.3
Dodging        | 2 3 |  3.1
Fighting       | 3 4 |  4.0
Polearms       | 1 2 |  2.7
Throwing       | |  1.7

Action                   |  1- 3 |  4- 6 |  7- 9 | 10-12 || total
-------------------------+-------+-------+-------+-------++-------
Melee: Dagger            |    80 |    68 |       |       ||   148
       Bite              |    22 |    21 |    28 |    62 ||   133
       Kick              |       |    10 |    22 |     9 ||    41
       Long sword        |       |    33 |   104 |   211 ||   348
       Punch             |       |       |     1 |     3 ||     4
  Use: Scroll            |     2 |     4 |     2 |     1 ||     9
       Potion            |       |     1 |       |       ||     1
 Stab: Sleeping          |     5 |    14 |    18 |    17 ||    54
       Distracted        |       |     1 |     1 |     1 ||     3
Armor: Robe              |    12 |     7 |    12 |    14 ||    45
       Steam dragon scal |       |       |       |    45 ||    45
Dodge: Dodged            |    32 |    40 |    55 |   105 ||   232

Table legend: (Time is in decaauts)
 A = Elapsed time spent in this place.
 B = Non-inter-level travel time spent in this place.
 C = Inter-level travel time spent in this place.
 D = Time resting spent in this place.
 E = Time spent auto-exploring this place.
 F = Levels seen in this place.
 G = Mean time per level.
                   A        B        C        D        E       F      G
               +--------+--------+--------+--------+--------+-----+--------+
         Total |   6604 |   6428 |    176 |     46 |   4937 |  10 |  660.4 |
       Dungeon |   6604 |   6428 |    176 |     46 |   4937 |  10 |  660.4 |
               +--------+--------+--------+--------+--------+-----+--------+

Top non-repeatable levels by time:
     D:1: 815 daAuts
     D:9: 797 daAuts
     D:2: 780 daAuts
     D:6: 720 daAuts
     D:4: 717 daAuts
     D:3: 687 daAuts
     D:7: 675 daAuts
     D:8: 646 daAuts
     D:5: 611 daAuts
    D:10: 151 daAuts
